MLB
HOUSTON ASTROS @ TAMPA BAY RAYS
10/26/2079
 
TOP OF THE 1ST
Houston Astros batting - Pitching for Tampa Bay Rays : RHP Daniel Rapp
Pitching: RHP Daniel Rapp
Batting: LHB Rodrigo Moreno 0-0: Foul Ball, location: 2F
0-1: Ball
1-1: Ball
2-1: DOUBLE (Line Drive, 5D, EV 99.4 MPH)
Batting: SHB Tony Barrientez 0-0: Ball
1-0: Fly out, F8 (Flyball, 8LS, EV 98.1 MPH)
Batting: LHB Danny Delgado 0-0: Called Strike
0-1: Foul Ball, location: 2F
0-2: Ball
1-2: Ball
2-2: Fly out, F6 (Popup, P, EV 81.9 MPH)
Batting: RHB Lee Tasso 0-0: Ball
1-0: Foul Ball, location: 2F
1-1: Foul Ball, location: 2F
1-2: Ground out 4-3 (Groundball, 4, EV 81.2 MPH)
Top of the 1st over - 0 runs, 1 hit, 0 errors, 1 left on base; Houston 0 - Tampa Bay 0
BOTTOM OF THE 1ST
Tampa Bay Rays batting - Pitching for Houston Astros : LHP Brad Scott
Pitching: LHP Brad Scott
Batting: RHB Michael Raybon 0-0: Foul Ball, location: 2F
0-1: Swinging Strike
0-2: Fly out, F7 (Line Drive, 7, EV 91.9 MPH)
Batting: SHB Colby Lewis 0-0: Ground out 5-3 (Groundball, 56, EV 87.5 MPH)
Batting: RHB Chris Benitez 0-0: Fly out, F7 (Flyball, 7S, EV 86.9 MPH)
Bottom of the 1st over - 0 runs, 0 hits, 0 errors, 0 left on base; Houston 0 - Tampa Bay 0
TOP OF THE 2ND
Houston Astros batting - Pitching for Tampa Bay Rays : RHP Daniel Rapp
Batting: LHB Seung-nam Hur 0-0: Ground out 5-3 (Groundball, 5, EV 85.0 MPH)
Batting: RHB Leo Korteweg 0-0: Foul Ball, location: 2F
0-1: Ground out 1-3 (Groundball, 13S, EV 68.1 MPH)
Batting: RHB Dave Kohler 0-0: Called Strike
0-1: Foul Ball, location: 2F
0-2: Strikes out looking
Top of the 2nd over - 0 runs, 0 hits, 0 errors, 0 left on base; Houston 0 - Tampa Bay 0
BOTTOM OF THE 2ND
Tampa Bay Rays batting - Pitching for Houston Astros : LHP Brad Scott
Batting: RHB Tom Fleming 0-0: Ball
1-0: Ball
2-0: DOUBLE (Flyball, 8RXD, EV 101.9 MPH)
Batting: RHB Robby Spearman 0-0: Ball
1-0: Called Strike
1-1: Ball
2-1: Foul Ball, location: 2F
2-2: Fly out, F9 (Flyball, 89S, EV 90.0 MPH)
Batting: SHB Jacob Chivers 0-0: Foul Ball, location: 2F
0-1: Called Strike
0-2: Strikes out swinging
Batting: RHB Seung-jin Yi 0-0: Called Strike
0-1: Foul Ball, location: 2F
0-2: Ball
1-2: Ball
2-2: Ball
3-2: Foul Ball, location: 2F
3-2: Foul Ball, location: 2F
3-2: Foul Ball, location: 2F
3-2: Foul Ball, location: 2F
3-2: Ground out U3 (Groundball, 34, EV 97.5 MPH)
Bottom of the 2nd over - 0 runs, 1 hit, 0 errors, 1 left on base; Houston 0 - Tampa Bay 0
TOP OF THE 3RD
Houston Astros batting - Pitching for Tampa Bay Rays : RHP Daniel Rapp
Batting: RHB Kyle Nunn 0-0: Swinging Strike
0-1: Ball
1-1: Called Strike
1-2: Strikes out swinging
Batting: RHB Bert Torborg 0-0: Called Strike
0-1: Ball
1-1: Called Strike
1-2: Strikes out swinging, 2-3 out at first.
Batting: LHB Rodrigo Moreno 0-0: Called Strike
0-1: Fly out, F5 (Line Drive, 5, EV 70.0 MPH)
Top of the 3rd over - 0 runs, 0 hits, 0 errors, 0 left on base; Houston 0 - Tampa Bay 0
BOTTOM OF THE 3RD
Tampa Bay Rays batting - Pitching for Houston Astros : LHP Brad Scott
Batting: RHB Ian Clarke 0-0: Called Strike
0-1: Ball
1-1: Swinging Strike
1-2: Strikes out swinging
Batting: RHB Sal Calderon 0-0: Called Strike
0-1: Ball
1-1: Ball
2-1: Ball
3-1: SINGLE (Line Drive, 78M, EV 105.0 MPH)
Batting: RHB Michael Raybon 0-0: Foul Ball, location: 2F
0-1: Called Strike
0-2: Ball
1-2: Foul Ball, location: 2F
1-2: Strikes out swinging
Batting: SHB Colby Lewis 0-0: Fly out, F8 (Line Drive, 8LM, EV 91.9 MPH)
Bottom of the 3rd over - 0 runs, 1 hit, 0 errors, 1 left on base; Houston 0 - Tampa Bay 0
TOP OF THE 4TH
Houston Astros batting - Pitching for Tampa Bay Rays : RHP Daniel Rapp
Batting: SHB Tony Barrientez 0-0: Ball
1-0: Foul Ball, location: 2F
1-1: Swinging Strike
1-2: Ball
2-2: Foul Ball, location: 2F
2-2: Foul Ball, location: 2F
2-2: Foul Ball, location: 2F
2-2: Ball
3-2: SINGLE (Line Drive, 7S, EV 104.4 MPH)
Batting: LHB Danny Delgado 0-0: Foul Ball, location: 2F
0-1: Called Strike
0-2: Strikes out swinging
Batting: RHB Lee Tasso 0-0: Ball
1-0: Ball
2-0: Swinging Strike
2-1: DOUBLE (Line Drive, 89D, EV 107.5 MPH)
Tony Barrientez to third
Batting: LHB Seung-nam Hur 0-0: Swinging Strike
0-1: DOUBLE (Line Drive, 7LD, EV 106.2 MPH)
Tony Barrientez scores
Lee Tasso scores
Batting: RHB Leo Korteweg 0-0: Ball
1-0: Ball
2-0: Called Strike
2-1: Foul Ball, location: 2F
2-2: Ball
3-2: Strikes out swinging
Batting: RHB Dave Kohler 0-0: Ball
1-0: Called Strike
1-1: SINGLE (Line Drive, 7LS, EV 93.1 MPH)
Seung-nam Hur to third
Runner from 3rd tries for Home, SAFE, throw by LF to home
Batting: RHB Kyle Nunn 0-0: Ball
1-0: Ball
2-0: Ball
3-0: Base on Balls
Dave Kohler to second
Batting: RHB Bert Torborg 0-0: Called Strike
0-1: Ball
1-1: Swinging Strike
1-2: Ball
2-2: Foul Ball, location: 2F
2-2: Foul Ball, location: 2F
2-2: Ball
3-2: Foul Ball, location: 2F
3-2: Foul Ball, location: 2F
3-2: Foul Ball, location: 2F
3-2: Base on Balls
Dave Kohler to third
Kyle Nunn to second
Batting: LHB Rodrigo Moreno 0-0: Ball
Wild Pitch!
Dave Kohler scores
Kyle Nunn to third
Bert Torborg to second
1-0: Called Strike
1-1: Called Strike
1-2: Hit by Pitch
Batting: SHB Tony Barrientez 0-0: Called Strike
0-1: SINGLE (Groundball, 6D, EV 99.4 MPH)
Kyle Nunn scores
Bert Torborg to third
Rodrigo Moreno to second
Runner from 3rd tries for Home, SAFE, throw by CF to home
Pitching: LHP Danny Roldan
Batting: LHB Danny Delgado 0-0: Called Strike
0-1: Ball
1-1: Ball
2-1: Foul Ball, location: 2F
2-2: Strikes out swinging
Top of the 4th over - 6 runs, 5 hits, 0 errors, 2 left on base; Houston 6 - Tampa Bay 0
BOTTOM OF THE 4TH
Tampa Bay Rays batting - Pitching for Houston Astros : LHP Brad Scott
Batting: RHB Chris Benitez 0-0: Ball
1-0: Foul Ball, location: 2F
1-1: Foul Ball, location: 2F
1-2: Ball
2-2: Ball
3-2: Strikes out looking
Batting: RHB Tom Fleming 0-0: Ball
1-0: Foul Ball, location: 2F
1-1: SOLO HOME RUN (Flyball, 9LD, EV 91.2 MPH), Distance : 343 ft
Batting: RHB Robby Spearman 0-0: Ball
1-0: Called Strike
1-1: Swinging Strike
1-2: Foul Ball, location: 2F
1-2: Foul Ball, location: 2F
1-2: SINGLE (Line Drive, 7S, EV 108.8 MPH)
Batting: SHB Jacob Chivers 0-0: Ball
1-0: Grounds into double play, 6-4-3 (Groundball, 6, EV 97.5 MPH)
Bottom of the 4th over - 1 run, 2 hits, 0 errors, 0 left on base; Houston 6 - Tampa Bay 1
TOP OF THE 5TH
Houston Astros batting - Pitching for Tampa Bay Rays : LHP Danny Roldan
Batting: RHB Lee Tasso 0-0: Called Strike
0-1: Called Strike
0-2: Ball
1-2: Strikes out looking
Batting: LHB Seung-nam Hur 0-0: Called Strike
0-1: Ball
1-1: DOUBLE (Line Drive, 9LS, EV 96.2 MPH)
Batting: RHB Leo Korteweg 0-0: Called Strike
0-1: Ball
1-1: Ball
2-1: 2-RUN HOME RUN (Line Drive, 7LD, EV 100.0 MPH), Distance : 364 ft
Batting: RHB Dave Kohler 0-0: Swinging Strike
0-1: Ball
1-1: Called Strike
1-2: Ball
2-2: Strikes out swinging
Batting: RHB Kyle Nunn 0-0: Ball
1-0: Ground out 6-3 (Groundball, 6, EV 88.1 MPH)
Top of the 5th over - 2 runs, 2 hits, 0 errors, 0 left on base; Houston 8 - Tampa Bay 1
BOTTOM OF THE 5TH
Tampa Bay Rays batting - Pitching for Houston Astros : LHP Brad Scott
Batting: RHB Seung-jin Yi 0-0: Called Strike
0-1: Fly out, F8 (Line Drive, 8LM, EV 96.9 MPH)
Pitching: RHP Chris Dolcini
Batting: RHB Ian Clarke 0-0: Called Strike
0-1: Ball
1-1: Foul Ball, location: 2F
1-2: Ball
2-2: Fly out, F8 (Flyball, 8LD, EV 91.2 MPH)
Batting: RHB Sal Calderon 0-0: Called Strike
0-1: Swinging Strike
0-2: Strikes out swinging
Bottom of the 5th over - 0 runs, 0 hits, 0 errors, 0 left on base; Houston 8 - Tampa Bay 1
TOP OF THE 6TH
Houston Astros batting - Pitching for Tampa Bay Rays : LHP Danny Roldan
Batting: RHB Bert Torborg 0-0: Ball
1-0: Ball
2-0: Ball
3-0: Called Strike
3-1: Base on Balls
Batting: LHB Rodrigo Moreno 0-0: Foul Ball, location: 2F
0-1: Ball
1-1: TRIPLE (Line Drive, 89XD, EV 108.1 MPH)
Bert Torborg scores
Pitching: LHP Raul Murillo
Batting: SHB Tony Barrientez 0-0: Ball
1-0: DOUBLE (Line Drive, 89D, EV 105.6 MPH)
Rodrigo Moreno scores
Batting: LHB Danny Delgado 0-0: Called Strike
0-1: Swinging Strike
0-2: Ball
1-2: Ball
2-2: Strikes out swinging
Batting: RHB Lee Tasso 0-0: Ball
1-0: Foul Ball, location: 2F
1-1: Ball
2-1: Ball
3-1: Swinging Strike
3-2: Ground out U3 (Groundball, 3, EV 95.0 MPH)
Tony Barrientez to third
Batting: LHB Seung-nam Hur 0-0: Ball
1-0: Called Strike
1-1: SINGLE (Groundball, 5S, EV 75.0 MPH) (infield hit)
Tony Barrientez scores
Batting: RHB Leo Korteweg 0-0: Swinging Strike
0-1: Ball
1-1: Ball
2-1: Foul Ball, location: 2F
2-2: Foul Ball, location: 2F
2-2: Ball
3-2: Foul Ball, location: 2F
3-2: Fly out, F9 (Line Drive, 9, EV 93.8 MPH)
Top of the 6th over - 3 runs, 3 hits, 0 errors, 1 left on base; Houston 11 - Tampa Bay 1
BOTTOM OF THE 6TH
Tampa Bay Rays batting - Pitching for Houston Astros : RHP Chris Dolcini
Batting: RHB Michael Raybon 0-0: Foul Ball, location: 2F
0-1: Ball
1-1: Ball
2-1: Ball
3-1: Called Strike
3-2: Foul Ball, location: 2F
3-2: Strikes out swinging
Batting: SHB Colby Lewis 0-0: Foul Ball, location: 2F
0-1: Ball
1-1: Reached on error, E5 (Groundball, 56S, EV 81.2 MPH)
Batting: RHB Chris Benitez 0-0: Called Strike
0-1: Foul Ball, location: 2F
0-2: Strikes out swinging
Batting: RHB Tom Fleming 0-0: Foul Ball, location: 2F
0-1: 2-RUN HOME RUN (Flyball, 78XD, EV 98.1 MPH), Distance : 404 ft
Batting: RHB Robby Spearman 0-0: Ball
1-0: Called Strike
1-1: Foul Ball, location: 2F
1-2: Ball
2-2: Ball
3-2: Ground out 6-3 (Groundball, 56, EV 108.8 MPH)
Bottom of the 6th over - 2 runs, 1 hit, 1 error, 0 left on base; Houston 11 - Tampa Bay 3
TOP OF THE 7TH
Houston Astros batting - Pitching for Tampa Bay Rays : LHP Raul Murillo
Batting: RHB Dave Kohler 0-0: Fly out, F8 (Flyball, 8RD, EV 89.4 MPH)
Batting: RHB Kyle Nunn 0-0: Called Strike
0-1: Swinging Strike
0-2: Ball
1-2: Strikes out swinging
Batting: RHB Bert Torborg 0-0: Ball
1-0: Ground out 6-3 (Groundball, 6, EV 78.1 MPH)
Top of the 7th over - 0 runs, 0 hits, 0 errors, 0 left on base; Houston 11 - Tampa Bay 3
BOTTOM OF THE 7TH
Tampa Bay Rays batting - Pitching for Houston Astros : RHP Chris Dolcini
Batting: SHB Jacob Chivers 0-0: Ball
1-0: Called Strike
1-1: Ball
2-1: Swinging Strike
2-2: Strikes out swinging
Batting: RHB Seung-jin Yi 0-0: SINGLE (Groundball, 6MD, EV 96.2 MPH)
Batting: RHB Ian Clarke 0-0: Called Strike
0-1: Swinging Strike
0-2: Grounds into double play, 6-4-3 (Groundball, 6M, EV 81.2 MPH)
Bottom of the 7th over - 0 runs, 1 hit, 0 errors, 0 left on base; Houston 11 - Tampa Bay 3
TOP OF THE 8TH
Houston Astros batting - Pitching for Tampa Bay Rays : LHP Raul Murillo
Batting: LHB Rodrigo Moreno 0-0: Ball
1-0: Ground out 6-3 (Groundball, 6MS, EV 85.6 MPH)
Batting: SHB Tony Barrientez 0-0: Called Strike
0-1: Called Strike
0-2: Ball
1-2: Ball
2-2: Strikes out looking
Batting: LHB Danny Delgado 0-0: Called Strike
0-1: DOUBLE (Line Drive, 89XD, EV 106.2 MPH)
Batting: RHB Lee Tasso 0-0: Ball
1-0: Foul Ball, location: 2F
1-1: Foul Ball, location: 2F
1-2: Ball
2-2: Strikes out swinging
Top of the 8th over - 0 runs, 1 hit, 0 errors, 1 left on base; Houston 11 - Tampa Bay 3
BOTTOM OF THE 8TH
Tampa Bay Rays batting - Pitching for Houston Astros : RHP Chris Dolcini
Batting: RHB Sal Calderon 0-0: Ball
1-0: Foul Ball, location: 2F
1-1: Ball
2-1: Fly out, F6 (Popup, 4MD, EV 49.4 MPH)
Batting: RHB Michael Raybon 0-0: Swinging Strike
0-1: Swinging Strike
0-2: Ball
1-2: Ball
2-2: Fly out, F4 (Popup, 4, EV 61.2 MPH)
Batting: SHB Colby Lewis 0-0: Foul Ball, location: 2F
0-1: Ball
1-1: Foul Ball, location: 2F
1-2: Ground out 6-3 (Groundball, 6, EV 99.4 MPH)
Bottom of the 8th over - 0 runs, 0 hits, 0 errors, 0 left on base; Houston 11 - Tampa Bay 3
TOP OF THE 9TH
Houston Astros batting - Pitching for Tampa Bay Rays : LHP Raul Murillo
Pinch Hitting: RHB Garrett Murphy 0-0: Called Strike
0-1: Ball
1-1: Ball
2-1: Foul Ball, location: 2F
2-2: Ball
3-2: Strikes out swinging
Batting: RHB Leo Korteweg 0-0: Ball
1-0: Ball
2-0: Foul Ball, location: 2F
2-1: Ball
3-1: Base on Balls
Pitching: LHP Charlie Grafman
Batting: RHB Dave Kohler 0-0: Ball
1-0: Ball
2-0: Called Strike
2-1: Foul Ball, location: 2F
2-2: Ball
3-2: Strikes out looking
Batting: RHB Kyle Nunn 0-0: Called Strike
0-1: Swinging Strike
0-2: Ball
1-2: Ball
2-2: Strikes out swinging
Top of the 9th over - 0 runs, 0 hits, 0 errors, 1 left on base; Houston 11 - Tampa Bay 3
BOTTOM OF THE 9TH
Tampa Bay Rays batting - Pitching for Houston Astros : RHP Chris Dolcini
Now in LF: Victor Ortiz
Batting: RHB Chris Benitez 0-0: Ball
1-0: Ball
2-0: Ball
3-0: Called Strike
3-1: Swinging Strike
3-2: Foul Ball, location: 2F
3-2: Foul Ball, location: 2F
3-2: Base on Balls
Pitching: RHP Doug Hodges
Batting: RHB Tom Fleming 0-0: Called Strike
0-1: Foul Ball, location: 2F
0-2: Strikes out swinging
Pinch Hitting: LHB Justin Young 0-0: Ball
1-0: Ball
2-0: Ball
3-0: Called Strike
3-1: Called Strike
3-2: Foul Ball, location: 2F
3-2: Foul Ball, location: 2F
3-2: Base on Balls
Chris Benitez to second
Batting: SHB Jacob Chivers 0-0: Swinging Strike
0-1: Ball
1-1: Called Strike
1-2: Strikes out swinging
Batting: RHB Seung-jin Yi 0-0: Called Strike
0-1: Ball
1-1: SINGLE (Line Drive, 6D, EV 93.8 MPH)
Chris Benitez to third
Justin Young to second
Batting: RHB Ian Clarke 0-0: Called Strike
0-1: Ball
1-1: Called Strike
1-2: Strikes out swinging
Bottom of the 9th over - 0 runs, 1 hit, 0 errors, 3 left on base; Houston 11 - Tampa Bay 3
Wednesday, June 29th , 2022 - OOTP Baseball 23.5 Build 70